 Dungeon Crawl Stone Soup version 0.29-a0-322-g68df515428 (webtiles) character file.

Game seed: 17948037104034961066

58 funkygono the Covered (level 4, -2/28 HPs)
             Began as a Gargoyle Fighter on Apr 6, 2022.
             Was an Initiate of Okawaru.
             Killed from afar by an orc wizard (6 damage)
             ... with a magic dart
             ... on level 3 of the Dungeon.
             The game lasted 00:03:06 (2812 turns).

funkygono the Covered (Gargoyle Fighter)            Turns: 2812, Time: 00:03:06

Health: -2/28      AC: 10    Str: 22    XL:     4   Next: 2%
Magic:  0/4        EV:  9    Int:  8    God:    Okawaru [......]
Gold:   105        SH:  0    Dex:  9    Spells: 3/3 levels left

rFire   . . .      SeeInvis .   a - +0 flail
rCold   . . .      Faith    .   c - +0 buckler
rNeg    + . .      Spirit   +   b - +0 scale mail
rPois   ∞          Reflect  .   (no helmet)
rElec   +          Harm     .   (no cloak)
rCorr   .          Rampage  .   (no gloves)
Will    .....                   (no boots)
Stlth   ..........              o - amulet of guardian spirit
HPRegen 0.09/turn               (no ring)
MPRegen 0.09/turn               (no ring)

@: confused
A: sickness immunity, AC +3, negative energy resistance 1, electricity
resistance, torment resistance 1, petrification resistance
a: Renounce Religion


You were on level 3 of the Dungeon.
You worshipped Okawaru.
Okawaru was noncommittal.
You visited 1 branch of the dungeon, and saw 3 of its levels.

You collected 105 gold pieces.

Inventory:

Hand Weapons
 a - a +0 flail (weapon)
 g - a +0 whip
Missiles
 r - 6 boomerangs (quivered)
Armour
 b - a +0 scale mail (worn)
 c - a +0 buckler (worn)
Jewellery
 o - an amulet of guardian spirit (around neck)
Scrolls
 e - a scroll of brand weapon {unknown}
 f - 5 scrolls of teleportation {unknown}
 j - a scroll of silence {unknown}
 l - a scroll of identify {unknown}
 m - 3 scrolls of magic mapping {unknown}
 p - a scroll of summoning {unknown}
Potions
 d - a potion of might
 h - a potion of heal wounds {unknown}
 i - a potion of brilliance {unknown}
 k - a potion of haste {unknown}
 n - 2 potions of resistance {unknown}
 q - 2 potions of curing {unknown}


   Skills:
 + Level 3.4 Fighting
 + Level 2.8 Maces & Flails
 + Level 3.8 Armour
 + Level 0.9 Dodging
 + Level 3.8 Shields


You had 3 spell levels left.
You didn't know any spells.
Your spell library contained the following spells:

 Spells                   Type           Power      Damage    Failure   Level
 Ignite Poison            Fire/Tmut/Pois 0%         N/A       99%         3
 Mephitic Cloud           Conj/Pois/Air  0%         N/A       99%         3
 Freezing Cloud           Conj/Ice/Air   0%         6-21      100%        5


Dungeon Overview and Level Annotations

Branches:
Dungeon (3/15)

Altars:
Okawaru


Innate Abilities, Weirdness & Mutations

You are immune to sickness and miasma.
Your stone body is resilient. (AC +3)
You are immune to poison.
You resist negative energy. (rN+)
You are resistant to electric shocks. (rElec)
You are resistant to unholy torment.
You are immune to petrification.


Message History

Something tries to affect you, but you resist.
You miss something. Something hits you.
You barely miss something.
Something hits you but does no damage. x2
You miss something. Something hits you but does no damage.
You barely miss something. Something hits you.
You closely miss something. Something hits you.
You miss something.
Something hits you but does no damage. x2
You barely miss something.
You hear some strange, mumbled words.
A magic dart appears from out of thin air!
The magic dart hits you but does no damage.
You barely miss something. Something hits you but does no damage.
You barely miss something. Something hits you.
Something hits you but does no damage.
You barely miss something. Something hits you but does no damage.
You hit something. Something hits you but does no damage.
You miss something. Something hits you but does no damage.
You closely miss something.
You hear some strange, mumbled words.
Something tries to affect you, but you resist.
You hear some strange, mumbled words.
You are confused.
You bump into the rock wall.
Something hits you but does no damage.
You hear some strange, mumbled words.
You are more confused.
You hear some strange, mumbled words.
Something tries to affect you, but you resist.
You bump into the rock wall.
Something hits you.
You miss something. Something hits you but does no damage.
You completely miss something. Something hits you.
* * * LOW HITPOINT WARNING * * *
You bump into the rock wall.
You hear some strange, mumbled words.
A magic dart appears from out of thin air!
The magic dart hits you.
* * * LOW HITPOINT WARNING * * *
You hear some strange, mumbled words.
A magic dart appears from out of thin air!
The magic dart hits you!
You die...

...........#.# #.#.####.#
...........#.# #.#..# #.#
........)..#.# #.#..###.#
......$....#.# #.#...##.#
...........#.# #.#......#
####........)#####'###.#..####
#.########.......##.......##
#. #{o.....##....##... #
+.@.....##.....#..#
#.......+.....†...#
#.......####..###.#
#.......'..........
#.......###.......# #.......#
#.#>..... #.....<.# #.#####.#
#.......# #.# #.# #.......#
#.# #....


You could see an orc.

Vanquished Creatures
  2 dart slugs
  An orc (D:3)
  6 endoplasms
  2 giant cockroaches
  2 goblins (D:1)
  10 hobgoblins
  5 quokkas
  6 ball pythons
  6 bats
  2 frilled lizards
  2 kobolds (D:1)
  2 rats (D:1)
46 creatures vanquished.

Vanquished Creatures (others)
  A plant (D:2)
1 creature vanquished.

Grand Total: 47 creatures vanquished

Notes
Turn   | Place    | Note
-------+----------+-------------------------------------------
     0 | D:1      | funkygono the Gargoyle Fighter began the quest for the Orb.
     0 | D:1      | Reached XP level 1. HP: 14/14 MP: 1/1
   285 | D:1      | Reached XP level 2. HP: 19/19 MP: 2/2
   668 | D:1      | Reached XP level 3. HP: 12/23 MP: 3/3
  1626 | D:2      | Found an iron altar of Okawaru.
  1636 | D:2      | Became a worshipper of Warmaster Okawaru
  2785 | D:3      | Reached XP level 4. HP: 23/28 MP: 4/4
  2812 | D:3      | Killed from afar by an orc wizard

Illustrated notes

Levels and vault maps discovered:
D:1:      zaba_arrival_water, layout_loops_ring,
          hangedman_abyss_or_decor_lesser_grid
D:2:      layout_rooms, serial_bayou, serial_bayou_shore_a, serial_bayou_pond_c,
          serial_bayou_pond_d, serial_bayou_pond_a, basic_altar,
          minmay_misc_feat_columns, chequers_serial_rivers_room_a, minivault_11,
          kennysheep_potato
D:3:      layout_basic, basic_ecumenical_altar, uniq_robin, uniq_grinder

Action                   |  1- 3 |  4- 6 || total
-------------------------+-------+-------++-------
Melee: Flail             |   180 |    20 ||   200
Armor: Scale mail        |   156 |    14 ||   170
Dodge: Dodged            |   121 |       ||   121
Block: Buckler           |    56 |       ||    56

Table legend: (Time is in decaauts)
 A = Elapsed time spent in this place.
 B = Non-inter-level travel time spent in this place.
 C = Inter-level travel time spent in this place.
 D = Time resting spent in this place.
 E = Time spent auto-exploring this place.
 F = Levels seen in this place.
 G = Mean time per level.
                   A        B        C        D        E       F      G
               +--------+--------+--------+--------+--------+-----+--------+
         Total |   2899 |   2830 |     69 |      0 |   2253 |   3 |  966.3 |
       Dungeon |   2899 |   2830 |     69 |      0 |   2253 |   3 |  966.3 |
               +--------+--------+--------+--------+--------+-----+--------+

Top non-repeatable levels by time:
     D:1: 1432 daAuts
     D:2: 1201 daAuts
     D:3: 265 daAuts
